 Dungeon Crawl Stone Soup version 0.30-a0-269-gf0224bf7b6 (webtiles) character file.

Game seed: 2265539140396671314

24 NinjaNoafa the Ruffian (level 2, 0/29 HPs)
             Began as a Troll Monk on Oct 14, 2022.
             Slain by a scorpion (7 damage)
             ... on level 2 of the Dungeon.
             The game lasted 00:01:40 (957 turns).

NinjaNoafa the Ruffian (Troll Monk)                  Turns: 957, Time: 00:01:41

Health: 0/29       AC:  4    Str: 18    XL:     2   Next: 79%
Magic:  10/10      EV: 10    Int:  6    God:
Gold:   80         SH:  0    Dex: 12    Spells: 1/1 levels left

rFire   . . .      SeeInvis .      - Unarmed
rCold   . . .      Faith    .    (no shield)
rNeg    . . .      Spirit   .    a - +0 robe
rPois   .          Reflect  .    (helmet restricted)
rElec   .          Harm     .    (no cloak)
rCorr   .          Rampage  .    (gloves unavailable)
Will    .....                    (boots unavailable)
Stlth   +.........               (no amulet)
HPRegen 1.04/turn                i - ring of magical power
MPRegen 0.12/turn                (no ring)

@: confused, lethally poisoned (0 -> 0), ambrosia-drunk, attractive
A: large, unfitting armour, claws 3, regeneration 1, shaggy fur 1, tough skin 1
a: no special abilities


You were on level 2 of the Dungeon.
You visited 1 branch of the dungeon, and saw 2 of its levels.

You collected 80 gold pieces.

Inventory:

Missiles
 c - 11 stones (quivered)
Armour
 a - a +0 robe (worn)
Jewellery
 i - a ring of magical power (left claw)
 k - a ring of fire
Scrolls
 d - a scroll of brand weapon {unknown}
 e - a scroll of fog {unknown}
 f - 2 scrolls of teleportation {unknown}
 g - a scroll of identify {unknown}


   Skills:
 + Level 2.9 Fighting
 - Level 2.4 Dodging
 - Level 1.0 Stealth
 + Level 3.5 Unarmed Combat


You had one spell level left.
You didn't know any spells.
Your spell library was empty.

Dungeon Overview and Level Annotations

Branches:
Dungeon (2/15)

Altars:


Innate Abilities, Weirdness & Mutations

You are too large for most types of armour.
You have claws for hands.
Your natural rate of healing is unusually fast.
You are covered in fur. (AC +1)
You have tough skin. (AC +1)


Message History

The ball python is attracted toward you.
The ball python is attracted toward you.
It was a potion of heal wounds.
You feel much better. The scorpion stings you.
You are poisoned.
The scorpion poisons you!
The ball python is attracted toward you.
You barely miss the scorpion.
You feel very sick. The scorpion stings you. x2
You are lethally poisoned!
The scorpion poisons you!
You closely miss the scorpion.
You claw the scorpion, but do no damage.
You feel very sick. The scorpion barely misses you.
You scratch the scorpion.
The scorpion is moderately wounded.
* * * LOW HITPOINT WARNING * * *
You feel very sick. The scorpion barely misses you.
You are confused.
You feel invigorated.
* * * LOW HITPOINT WARNING * * *
You feel very sick. The scorpion barely misses you.
You claw the scorpion!
The scorpion is severely wounded.
You feel very sick. The scorpion barely misses you.
You barely miss the scorpion.
The scorpion is severely wounded.
You feel sick. The scorpion stings you.
You're too confused to move!
You feel sick. The scorpion stings you.
* * * LOW HITPOINT WARNING * * *
The scorpion barely misses you.
You bump into the rock wall.
You feel sick. The scorpion stings you!
* * * LOW HITPOINT WARNING * * *
You are too confused!
You bump into the rock wall.
You feel sick. The scorpion stings you!
You die...

### ..#
#.#.#######.##
#......@sS...#
#.#.######..##
#.ยง# #..#
...S ...##
....# .....
.#...#


You could see a scorpion and a ball python.

Vanquished Creatures
  An adder (D:2)
  A dart slug (D:1)
  A bat (D:1)
  A goblin (D:1)
  3 hobgoblins (D:1)
  A kobold (D:1)
  A quokka (D:1)
  A frilled lizard (D:1)
  3 rats (D:1)
13 creatures vanquished.

Notes
Turn   | Place    | Note
-------+----------+-------------------------------------------
     0 | D:1      | NinjaNoafa the Troll Monk began the quest for the Orb.
     0 | D:1      | Reached XP level 1. HP: 22/22 MP: 0/0
   393 | D:1      | Reached XP level 2. HP: 25/29 MP: 1/1
   940 | D:1      | You fall into a shaft and drop 1 floor!
   942 | D:2      | Noticed a scorpion
   957 | D:2      | Slain by a scorpion

Illustrated notes

Levels and vault maps discovered:
D:1:      lemuel_arrival_tunnels, layout_basic
D:2:      layout_basic, minmay_bisected

Action                   || total
-------------------------++-------
Melee: Unarmed           ||    47
       Punch             ||     3
  Use: Potion            ||     3
Armor: Robe              ||    15
Dodge: Dodged            ||    19

Table legend: (Time is in decaauts)
 A = Elapsed time spent in this place.
 B = Non-inter-level travel time spent in this place.
 C = Inter-level travel time spent in this place.
 D = Time resting spent in this place.
 E = Time spent auto-exploring this place.
 F = Levels seen in this place.
 G = Mean time per level.
                   A        B        C        D        E       F      G
               +--------+--------+--------+--------+--------+-----+--------+
         Total |    954 |    886 |     68 |      0 |    726 |   2 |  477.0 |
       Dungeon |    954 |    886 |     68 |      0 |    726 |   2 |  477.0 |
               +--------+--------+--------+--------+--------+-----+--------+

Top non-repeatable levels by time:
     D:1: 920 daAuts
     D:2: 34 daAuts
